 Dungeon Crawl Stone Soup version 0.29.1-1-gd02db6906a (webtiles) character file.

Game seed: 4613991658014502993

185 funnyparkerb the Cutter (level 5, 0/29 HPs)
             Began as a Vine Stalker Fighter on Sept 28, 2022.
             Slain by Edmund
             ... wielding a +5 flail of venom
              (9 damage)
             ... on level 4 of the Dungeon.
             The game lasted 00:04:58 (2813 turns).

funnyparkerb the Cutter (Vine Stalker Fighter)      Turns: 2813, Time: 00:04:58

Health: 0/29       AC:  8    Str: 19    XL:     5   Next: 64%
Magic:  0/6        EV:  9    Int:  8    God:
Gold:   136        SH:  5    Dex: 15    Spells: 4/4 levels left

rFire   . . .      SeeInvis +   k - +2 dagger (speed)
rCold   . . .      Faith    .   c - +0 buckler
rNeg    . . .      Spirit   +   b - +0 scale mail
rPois   .          Reflect  .   (no helmet)
rElec   .          Harm     .   p - +1 cloak {Will+}
rCorr   .          Rampage  .   (no gloves)
Will    +....                   (no boots)
Stlth   ..........              (no amulet)
HPRegen 0.89/turn               l - ring of see invisible
MPRegen 0.10/turn               (no ring)

@: no status effects
A: fangs 2, regeneration 1, magic shield, antimagic bite, no potion heal 2
a: no special abilities


You were on level 4 of the Dungeon.
You visited 1 branch of the dungeon, and saw 4 of its levels.

You collected 136 gold pieces.

Inventory:

Hand Weapons
 k - a +2 dagger of speed (weapon)
Armour
 b - a +0 scale mail (worn)
 c - a +0 buckler (worn)
 p - a +1 cloak of willpower (worn)
Jewellery
 l - a ring of see invisible (left hand)
Scrolls
 a - 2 scrolls of teleportation {unknown}
 i - 2 scrolls of noise {unknown}
 m - a scroll of immolation
 n - a scroll of enchant weapon
 o - a scroll of blinking
 q - a scroll of amnesia
Potions
 d - a potion of might
 e - a potion of lignification
 g - a potion of brilliance
 h - a potion of degeneration
 j - 2 potions of curing


   Skills:
 + Level 3.8 Fighting
 * Level 4.3 Short Blades
 - Level 2.4 Armour
 - Level 2.6 Shields


You had 4 spell levels left.
You didn't know any spells.
Your spell library contained the following spells:

 Spells                   Type           Power      Damage    Failure   Level
 Slow                     Hex            0%         N/A       87%         1
 Summon Small Mammal      Summ           0%         N/A       87%         1
 Call Canine Familiar     Summ           0%         N/A       99%         3
 Confusing Touch          Hex            0%         N/A       99%         3
 Summon Guardian Golem    Hex/Summ       0%         N/A       99%         3
 Vampiric Draining        Necr           0%         2d6       99%         3


Dungeon Overview and Level Annotations

Branches:
Dungeon (4/15)
 Temple: D:4-7

Altars:

Annotations:
D:4 Edmund


Innate Abilities, Weirdness & Mutations

You have extremely sharp teeth.
Your natural rate of healing is unusually fast.
When hurt, damage is shared between your health and your magic reserves.
Your bite disrupts and absorbs the magic of your enemies.
Potions cannot restore your health.


Message History

An orc is nearby!
You barely miss the orc. You bite the orc.
You kill the orc!
No target in view!
You now have 123 gold pieces (gained 12).
Things that are here:
a +0 falchion; an orc corpse
Items here: )) [ ††.
Found a robe.
Found a stone staircase leading down.
No target in view!
Found a stone staircase leading up.
You see here a +0 robe.
You now have 136 gold pieces (gained 13).
There is a stone staircase leading up here.
You see here a +0 robe.
Edmund the Younger comes into view.
He is wielding a +5 flail of venom.
Edmund shouts!
You don't know any spells.
You barely miss Edmund. You hit Edmund but do no damage.
Edmund hits you with a +5 flail of venom!
You are poisoned.
You hit Edmund. Your bite misses Edmund.
Edmund is lightly wounded.
You feel very sick.
You hit Edmund. You bite Edmund. You drain his power.
You feel invigorated.
Edmund is lightly wounded.
You feel very sick.
Edmund hits you with a +5 flail of venom.
You are lethally poisoned!
Edmund attacks as you move away! You block Edmund's attack.
* * * LOW HITPOINT WARNING * * *
You feel very sick.
Your system rejects the healing.
You feel better.
Edmund hits you with a +5 flail of venom.
You are poisoned.
Your system rejects the healing.
You feel better.
Edmund hits you with a +5 flail of venom!
You die...

.....?#..# #....#
......#..# #....#
......#..####....#
...>............#
.....#.####....#
.##..#..<......#
##...[####....#
..####.....##
#....#
#......@#..########
...###.@###...#
#...## ###.#####
#.#. #.....# #.#.
#.....# .##.#.#
#.....# ...#.#
####.## #..#.# #.#
#..#. #.#


You could see Edmund.

Vanquished Creatures
  Crazy Yiuf (D:3)
  Jessica (D:2)
  3 adders
  6 worms
  5 dart slugs
  3 orcs (D:4)
  6 bats
  8 endoplasms
  2 giant cockroaches
  4 goblins
  8 hobgoblins
  3 quokkas
  7 ball pythons
  4 frilled lizards
  7 kobolds
  4 rats
72 creatures vanquished.

Notes
Turn   | Place    | Note
-------+----------+-------------------------------------------
     0 | D:1      | funnyparkerb the Vine Stalker Fighter began the quest for
                  | the Orb.
     0 | D:1      | Reached XP level 1. HP: 11/11 MP: 2/2
   383 | D:1      | Reached skill level 2 in Short Blades
   434 | D:1      | Reached XP level 2. HP: 16/16 MP: 3/3
   618 | D:1      | Reached XP level 3. HP: 20/20 MP: 4/4
  1017 | D:2      | Reached skill level 3 in Short Blades
  1165 | D:2      | Found a faded altar of an unknown god.
  1217 | D:2      | Noticed Jessica
  1224 | D:2      | Killed Jessica
  1225 | D:2      | Gained mutation: Your natural rate of healing is unusually
                  | fast. [Vine Stalker growth]
  1225 | D:2      | Reached XP level 4. HP: 21/24 MP: 5/5
  1896 | D:3      | Reached XP level 5. HP: 26/28 MP: 6/6
  1997 | D:3      | Reached skill level 4 in Short Blades
  2504 | D:3      | Found a runed translucent door.
  2505 | D:3      | Noticed Crazy Yiuf
  2616 | D:3      | Killed Crazy Yiuf
  2805 | D:4      | Noticed Edmund
  2813 | D:4      | Slain by Edmund

Illustrated notes

Levels and vault maps discovered:
D:1:      minmay_arrival_hallway, layout_rooms, nicolae_figureground_sparkle
D:2:      layout_basic, ebering_ecumenical_altar_rust, uniq_jessica
D:3:      layout_basic, nicolae_concentric_dashed_squares_wild,
          nicolae_wormholes, uniq_crazy_yiuf_cottage
D:4:      layout_rooms, kennysheep_mini_moat, uniq_edmund

Skill      XL: |  1  2  3  4  5 |
---------------+----------------+-----
Short Blades   | 2 3 4 |  4.3
Fighting       | 3 |  3.8
Armour         | |  2.4
Shields        | |  2.6

Action                   |  1- 3 |  4- 6 || total
-------------------------+-------+-------++-------
Melee: Rapier            |    51 |       ||    51
       Bite              |    18 |    51 ||    69
       Dagger            |    19 |   176 ||   195
  Use: Scroll            |       |     7 ||     7
       Potion            |       |     2 ||     2
Armor: Scale mail        |    27 |    35 ||    62
Dodge: Dodged            |    29 |    37 ||    66
Block: Buckler           |     5 |    25 ||    30
